[Event "Early-Titled-Tuesday-Blitz-March-19-2024"]
[Site "Chess.com"]
[Date "2024.03.19"]
[Round "5"]
[White "Louis-Paulsen-Fan"]
[Black "toninhojit"]
[Result "1/2-1/2"]
[WhiteElo "2286"]
[BlackElo "2490"]
[TimeControl "180+1"]
[EndTime "8:58:58 PDT"]
[Termination "Game drawn - insufficient material"]

1. d4 Nf6 2. Nf3 c5 3. d5 e6 4.
c4 exd5 5. cxd5 d6 6. Nc3 g6 7. e4 Bg7 8. Be2 O-O 9. Bg5 Nbd7 10. O-O a6 11. a4 Re8 12. Nd2 h6 13. Bh4 g5 14.
Bg3 Ne5 15. Re1 Nfd7 16. Nf1 Qc7 17. Ne3 Ng6 18. Nf5 Bf8 19. Rc1 Nde5 20. h3 Bxf5 21. exf5 Nf4 22. Bxf4 gxf4 23. Ne4 Be7 24. f6 Bf8 25. Bg4 Ng6 26. Bf5 Re5 27. Qg4 Kh7 28.
h4 Rxf5 29. Qxf5 Qc8 30. Qxc8 Rxc8 31. h5 Nh4 32. b4 b6 33. a5 bxa5 34. bxc5 dxc5 35.
d6 Nf5 36. Rxc5 Rxc5 37. Nxc5 Bxd6 38. Nxa6 a4 39. Re4 a3 40. Ra4 Kg8 41. Nb4 Nd4 42. Na2 Ne2+ 43. Kf1 f3 44. gxf3 Nf4 45. Ra5 Kh7 46.
Ke1 Nd3+ 47. Ke2 Nf4+ 48. Ke3 Ne6 49. Ke4 Bc5 50. f4 Bf8 51. f5 Nc5+ 52. Kd5 Nd3 53.
f3 Nf4+ 54. Ke4 Nxh5 55. Ke5 Ng3 56. Nc3 Ne2 57. Nb1 h5 58. Nxa3 Bb4 59. Ra7 Kg8 60. Nc2 Bc3+ 61. Ke4 h4 62. Ne3 Bxf6 63. Ng4 Bg5 64. f6 Ng3+ 65. Ke5 h3 66. Ra2 Nh5 67. Rh2 Bf4+ 68. Kf5 Bxh2 69. Nxh2 Kh7 70. Kg5 Ng3 71. Kg4 Ne2 72. Kxh3 Kg6 73. Kg4 Kxf6 74. Nf1 Nd4 75. Ne3 Ke6 76. f4 Nc6 77. f5+ Ke5 78. Nc4+ Kd4 79.
Nd6 f6 80. Ne8 Ke5 81. Nxf6 Kxf6 82. Kf3 Ne7 83. Ke4 Nxf5 1/2-1/2

[Event "Early-Titled-Tuesday-Blitz-March-19-2024"]
[Site "Chess.com"]
[Date "2024.03.19"]
[Round "5"]
[White "DanielDardha2005"]
[Black "Yeritsyaan"]
[Result "1/2-1/2"]
[WhiteElo "2852"]
[BlackElo "2652"]
[TimeControl "180+1"]
[EndTime "8:59:08 PDT"]
[Termination "Game drawn - insufficient material"]

1. d4 f5 2. Nh3 Nf6 3. c3 g6 4. Nf4 Bg7 5. h4 d6 6. h5 e5 7. dxe5 dxe5 8. Qxd8+ Kxd8 9. h6 Bf8 10. Nd3 Nc6 11. Bg5 Be7 12. Na3 Ne4 13. Bxe7+ Kxe7 14. Nb5 Be6 15. Nxc7 Rac8 16. Nxe6 Kxe6 17. g3 Na5 18.
Bg2 Nd6 19. O-O-O Rhd8 20. Kc2 b6 21. Nb4 e4 22. Nd5 Nc6 23. Nf4+ Kf7 24. Kb1 Nc4 25. g4 N6e5 26. gxf5 gxf5 27. Bh3 Ng4 28. Bxg4 fxg4 29. e3 Ne5 30. Kc2 g3 31. fxg3 Ng4 32. Ng2 Kg6 33. Rd4 Nxe3+ 34. Nxe3 Rxd4 35. Rh4 Rd7 36. Rxe4 Kxh6 37.
Rg4 Rf8 38. Rh4+ Kg5 39. Rg4+ Kh5 40. Rh4+ Kg6 41. Rg4+ Kh6 42. Kb3 Rf3 43. Rh4+ Kg5 44. Rg4+ Kh5 45. Rh4+ Kg6 46. Rg4+ Kh6 47. Re4 Kg5 48.
Re5+ Kf6 49. Ng4+ Kg7 50. Rg5+ Kf8 51. Ne5 Rdf7 52. Nxf3 Rxf3 53. a4 Kf7 54. a5 Kf6 55. Rb5 bxa5 56. Rxa5 Rxg3 57. Rxa7 h5 58. Ka4 h4 59.
Rh7 h3 60. c4 Kg6 61. Rh4 Kg5 62. Rh8 Kg4 63. b4 Rc3 64. c5 Kg3 65. Kb5 h2 66. Kb6 Rc4 67. Rxh2 Kxh2 68. b5 Kg3 69. c6 Kf4 70. c7 Ke5 71. Kb7 Kd6 72. b6 Kd7 73.
Kb8 Rc5 74. Kb7 Rc4 75. Kb8 Rc5 76. b7 Rxc7 77. Ka8 Rxb7 78. Kxb7 1/2-1/2

[Event "Early-Titled-Tuesday-Blitz-March-19-2024"]
[Site "Chess.com"]
[Date "2024.03.19"]
[Round "5"]
[White "Dr_Pepper18"]
[Black "awesomevishesh"]
[Result "1-0"]
[WhiteElo "2384"]
[BlackElo "2602"]
[TimeControl "180+1"]
[EndTime "8:59:12 PDT"]
[Termination "Dr_Pepper18 won by checkmate"]

1. d4 Nf6 2. Nf3 g6 3. g3 Bg7 4. Bg2 O-O 5. c4 d6 6. O-O Nbd7 7. Qc2 e5 8. Rd1 Re8 9. e4 exd4 10. Nxd4 Nc5 11.
Nc3 a5 12. h3 h5 13. Bg5 c6 14. Qd2 Qc7 15. f3 Nh7 16. Be3 a4 17. Rac1 Bd7 18.
Nde2 Be6 19. Qxd6 Qxd6 20. Rxd6 Na6 21. Nxa4 Nb4 22. b3 Nxa2 23. Rcd1 Nb4 24. Nf4 Be5 25.
R6d2 Bxc4 26. Nc5 Bb5 27. Nxb7 Nf6 28. Nd6 Red8 29. Nxb5 Rxd2 30. Bxd2 Rd8 31. Na3 h4 32. Ne2 hxg3 33. Nc4 Bc7 34. Nc3 Nc2 35. Bc1 Ra8 36. Rd2 Nb4 37. Bb2 Nh5 38. Na4 Nf4 39. Bf1 g2 40.
Bxg2 Nbd3 41. Bc3 Bd8 42. Rd1 Bh4 43. Bd2 Bf2+ 44. Kf1 Bg3 45. Bxf4 Nxf4 46. Rd7 f6 47. Kg1 g5 48. Bf1 Bh4 49. Ne3 c5 50. Bc4+ Kh8 51. Nf5 Be1 52. Rf7 Rd8 53. Bd5 Nxd5 54. exd5 Rxd5 55.
Rxf6 Bb4 56. Rf8+ Kh7 57. Ne7 Rd2 58. Rf7+ Kh6 59. Nc6 Ba3 60. Rf5 Kg6 61. Re5 Kh5 62. Nxc5 Kh4 63. Ne4 Rd1+ 64. Kf2 Bb2 65. Rxg5 Rc1 66.
Rg4+ Kh5 67. Ne7 Bd4+ 68. Ke2 Kh6 69. Nf5+ Kh5 70. Neg3# 1-0

[Event "Early-Titled-Tuesday-Blitz-March-19-2024"]
[Site "Chess.com"]
[Date "2024.03.19"]
[Round "5"]
[White "GMG"]
[Black "VladimirKramnik"]
[Result "1/2-1/2"]
[WhiteElo "2787"]
[BlackElo "3027"]
[TimeControl "180+1"]
[EndTime "8:59:20 PDT"]
[Termination "Game drawn by repetition"]

1. d4 Nf6 2. c4 e6 3. Nf3 Bb4+ 4. Bd2 Bxd2+ 5. Qxd2 O-O 6. g3 d5 7. Bg2 c6 8. O-O Nbd7 9. Rc1 a5 10. Qe3 Re8 11.
Nbd2 h6 12. h3 b6 13. Ne5 Bb7 14. f4 c5 15. Ndf3 dxc4 16. Nxd7 Nxd7 17. dxc5 Nxc5 18. Rxc4 Bxf3 19. Bxf3 Ra7 20. Rd4 Qf6 21. Rad1 Rc7 22. b3 g6 23. Rd6 Rb8 24. Qd4 Qxd4+ 25. R1xd4 Kf8 26. g4 Ke7 27. Rd2 Rd7 28. Rxd7+ Nxd7 29. Bc6 Nc5 30. e3 Rc8 31. Bf3 Nd7 32. Kf2 g5 33.
Ke2 Rc1 34. Rd1 Rxd1 35. Kxd1 e5 36. f5 Kd6 37. Kd2 Nc5 38. Kc3 Na6 39. Kc4 Nc7 40.
a3 b5+ 41. Kc3 Kc5 42. b4+ axb4+ 43. axb4+ Kd6 44. Be4 Ne8 45. Bd3 Kc6 46. Be4+ Kd6 47. Bd3 Nc7 48. Be4 Ke7 49. Bc6 Kf6 50. Kd3 Ke7 51. Kc3 f6 52. Be4 Kd6 53. Kd3 Ne8 54. Kc3 Ng7 55. Bd3 Kc6 56. Be4+ Kb6 57. Bd5 h5 58. e4 hxg4 59. hxg4 Ne8 60. Kd3 Nd6 61. Kc3 Kc7 62. Kd3 Nc8 63. Kc3 Nb6 64. Bb3 Kd6 65. Kd3 Kc6 66. Kc3 Nc8 67. Bd5+ Kb6 68. Kd3 Nd6 69.
Kc3 Kc7 70. Kd3 Ne8 71. Kc3 Kb6 72. Kd3 Nc7 73. Bb3 Na6 74. Kc3 Nb8 75. Bd5 Kc7 76.
Kd3 Kd6 77. Kc3 Na6 78. Bb3 Nc7 79. Bf7 Kd7 80. Kd3 Kc6 81. Kc3 Kb6 82. Kd3 Kb7 83. Kc3 Kc6 84. Kd3 Kd6 85. Kc3 Ke7 86. Bb3 Ne8 87.
Bd5 Nd6 88. Bc6 Kd8 89. Kd3 Kc7 90. Bd5 1/2-1/2

[Event "Early-Titled-Tuesday-Blitz-March-19-2024"]
[Site "Chess.com"]
[Date "2024.03.19"]
[Round "5"]
[White "Dacean99"]
[Black "mertfelin"]
[Result "0-1"]
[WhiteElo "2634"]
[BlackElo "2381"]
[TimeControl "180+1"]
[EndTime "8:59:22 PDT"]
[Termination "mertfelin won by checkmate"]

1. e4 e5 2. Nf3 Nc6 3. d4 exd4 4. Bc4 Bc5 5. c3 Nf6 6. e5 d5 7. Bb5 Ne4 8. cxd4 Bb6 9. O-O O-O 10. Nbd2 f6 11.
Bxc6 bxc6 12. Qb3 Kh8 13. exf6 Nxf6 14. a4 a6 15. a5 Ba7 16. Qc3 Rb8 17. Qxc6 Qd6 18.
Qxd6 cxd6 19. b3 Bf5 20. Ba3 Rfd8 21. Rfe1 Rd7 22. Rac1 Ne4 23. Nxe4 dxe4 24. Ng5 Bxd4 25.
Bxd6 Re8 26. Bc5 Bf6 27. Be3 h6 28. Nh3 Bxh3 29. gxh3 Rd5 30. b4 Rb5 31. Bc5 Re6 32. Rcd1 Kh7 33. Rd5 Bc3 34. Rb1 e3 35. fxe3 Rxe3 36. Bxe3 Rxd5 37. b5 axb5 38. a6 b4 39. a7 Ra5 40. Rd1 b3 41. Rd5 Ra1+ 42. Kg2 b2 43.
Rb5 Ra2 44. Kf3 Be5 45. h4 Kg6 46. h3 Kf7 47. h5 Ke6 48. Rb7 Bf6 49. Ke4 Kd6 50.
Bf4+ Kc6 51. Rc7+ Kb6 52. Rd7 b1=Q+ 53. Kf3 Qb3+ 54. Kg4 Rxa7 55. Rd6+ Kb7 56. Rd7+ Ka6 57. Rd6+ Qb6 58. Rxb6+ Kxb6 59. Be3+ Kb7 60. Kf5 Ra5+ 61. Kg6 Rb5 62. Kf7 Kc6 63. Kg6 Kd5 64. Bf4 Ke4 65. Bd2 Rb3 66. h4 Rh3 67. Be1 Kf4 68. Bd2+ Kg4 69. Be1 Rxh4 70. Bxh4 Kxh4 71. Kf5 Kxh5 72. Kf4 g5+ 73. Kf3 Kh4 74. Kg2 Kg4 75. Kh2 Be5+ 76.
Kg2 Bd4 77. Kh1 Bc3 78. Kg1 Kg3 79. Kh1 h5 80. Kg1 h4 81. Kh1 h3 82. Kg1 g4 83.
Kh1 Kf3 84. Kg1 h2+ 85. Kh1 Bd4 86. Kxh2 g3+ 87. Kh3 g2 88. Kh4 g1=Q 89. Kh5 Kf4 90. Kh6 Kf5 91. Kh7 Qg7# 0-1

[Event "Early-Titled-Tuesday-Blitz-March-19-2024"]
[Site "Chess.com"]
[Date "2024.03.19"]
[Round "5"]
[White "yaguigor"]
[Black "NovakRatko"]
[Result "1/2-1/2"]
[WhiteElo "2560"]
[BlackElo "2408"]
[TimeControl "180+1"]
[EndTime "8:59:27 PDT"]
[Termination "Game drawn by repetition"]

1. Nf3 d5 2. c4 d4 3. b4 a5 4. b5 c5 5. d3 f6 6. g3 e5 7. Bg2 Bd6 8. O-O Bg4 9. h3 Be6 10.
e3 dxe3 11. Bxe3 Ne7 12. Nc3 O-O 13. Nd2 Nd7 14. Nde4 Qc7 15. Nxd6 Qxd6 16. Bxb7 Bxh3 17. Ne4 Qc7 18. Bxa8 Bxf1 19. Qxf1 Rxa8 20. Qh3 f5 21. Bg5 fxe4 22. Qe6+ Kh8 23. Qxe7 h6 24. Be3 exd3 25. Rd1 e4 26. Qxe4 Rf8 27. Rxd3 Nf6 28. Qc6 Qxc6 29. bxc6 Rc8 30. Rd6 Ne4 31. Re6 Ng5 32. Bxg5 hxg5 33. Re5 Rxc6 34. Rxg5 Kg8 35. Re5 Kf7 36. Kg2 a4 37. a3 Rb6 38. Rxc5 Rb3 39. Ra5 Rxa3 40. f4 Ra2+ 41. Kh3 a3 42. Kg4 Rc2 43. Rxa3 Rxc4 44. Kg5 Rc7 45. f5 Rd7 46. g4 Rc7 47. Ra5 Rd7 48.
Rb5 Rc7 49. Rb4 Rc6 50. Rb7+ Kf8 51. Ra7 Rd6 52. Kh5 Rh6+ 53. Kg5 Rc6 54. Ra4 Rd6 55. Kf4 Kf7 56. g5 Rd7 57. g6+ Ke7 58. Ra8 Rd1 59. Rg8 Rf1+ 60. Ke5 Re1+ 61. Kd4 Kf6 62. Rf8+ Kg5 63. Rf7 Re2 64. Kd5 Re1 65. Kd6 Re2 66. Kd5 Re1 67. Kc4 Re2 68. Kd3 Re1 69. f6 Kxg6 70.
Rxg7+ Kxf6 71. Ra7 Rd1+ 72. Ke2 Rd6 73. Ke3 Re6+ 74.
Kf4 Rd6 75. Ra4 Re6 76. Rb4 Rd6 77. Rb5 Re6 78. Rh5 Kg6 79. Rg5+ Kf6 80. Rg1 Rc6 81. Rh1 Rc4+ 82. Ke3 Rc3+ 83. Kd4 Rf3 84. Ke4 Rb3 85. Rh6+ Kg5 86. Rh8 Rb4+ 87. Ke5 Rb5+ 88. Ke4 Kf6 89. Rh6+ Kg5 90. Rh8 Rb4+ 91. Ke5 Rb5+ 92. Ke4 1/2-1/2

[Event "Early-Titled-Tuesday-Blitz-March-19-2024"]
[Site "Chess.com"]
[Date "2024.03.19"]
[Round "5"]
[White "DonkyDonkyDonkey"]
[Black "FairChess_on_YouTube"]
[Result "0-1"]
[WhiteElo "2973"]
[BlackElo "3141"]
[TimeControl "180+1"]
[EndTime "8:59:34 PDT"]
[Termination "FairChess_on_YouTube won by resignation"]

1. e4 c5 2. Nf3 e6 3. c3 Nf6 4. e5 Nd5 5. d4 cxd4 6. cxd4 d6 7.
Bc4 Nc6 8. O-O Nb6 9. Bd3 Nb4 10.
Be2 dxe5 11. Nxe5 Bd6 12. Nc3 O-O 13. a3 N4d5 14. Bd3 Bd7 15. Qe2 Bxe5 16. dxe5 Nxc3 17.
bxc3 Qh4 18. Be3 Nd5 19. Bd4 Nf4 20. Qe3 Bc6 21. f3 Nxd3 22. Qxd3 Rfd8 23. Qe3 a6 24. Rfb1 Rd5 25. Rb4 h6 26. Rab1 Qg5 27. Qxg5 hxg5 28.
Kf2 Ra5 29. Ra1 Kh7 30. Kg3 Kg6 31. c4 Kf5 32. Kf2 Ra4 33. g4+ Kg6 34. Bb6 Rh8 35. Kg3 Rc8 36. Rxa4 Bxa4 37. c5 Bc6 38. Rd1 Bd5 39. Rd2 Rh8 40. Rd3 Rh7 41. Rd2 Rh8 42. Rd3 f5 43. exf6 gxf6 44. h3 Rh7 45. Rd2 Rh8 46. Re2 Rh7 47. Re3 f5 48. Rd3 f4+ 49. Kg2 Rd7 50. Kf2 Kf6 51. Ba5 e5 52. Rd1 Ke6 53. Bc3 Rh7 54. Re1 e4 55. fxe4 Bc6 56.
Kg2 Rd7 57. Bh8 Rd2+ 58. Kf3 Rh2 59. Bg7 Rxh3+ 60. Kf2 Rxa3 61. Rd1 Ra2+ 62. Kf3 Ra3+ 63. Kf2 Bxe4 64. Rd6+ Kf7 65. Bf6 Ra2+ 66. Ke1 f3 67.
Bxg5 Bc6 68. Bh4 Rg2 69. g5 Rg4 70. Rh6 a5 71. Kf2 a4 72. Rf6+ Kg7 73. Bg3 Rxg5 74. Rd6 Rxc5 75. Rd3 Rc2+ 76. Ke3 Re2+ 77. Kf4 f2 78. Rd1 Bg2 79. Bxf2 Rxf2+ 80. Kg3 Ra2 81.
Rb1 Kf6 82. Kf4 Bc6 83. Ke3 Ke5 84. Kd3 Kd5 85. Kc3 Kc5 86. Rg1 Ra3+ 87. Kb2 Rf3 88. Kb1 Kb4 89. Ka1 Rh3 90. Kb2 Rh2+ 91. Ka1 Rh1 0-1

[Event "Early-Titled-Tuesday-Blitz-March-19-2024"]
[Site "Chess.com"]
[Date "2024.03.19"]
[Round "6"]
[White "venturov"]
[Black "enriquebutti"]
[Result "1-0"]
[WhiteElo "2489"]
[BlackElo "2189"]
[TimeControl "180+1"]
[EndTime "9:01:59 PDT"]
[Termination "venturov won by resignation"]

1. e4 c5 2. Nf3 d6 3. d4 cxd4 4. Nxd4 Nf6 5. Nc3 a6 6. Bc4 e6 7. O-O Be7 8. Re1 O-O 9. Bb3 b5 10. Qf3 Bb7 11. Qg3 Nbd7 12. Bxe6 fxe6 13. Nxe6 Nh5 14. Qh3 Qe8 15. Nd5 Qg6 16. Nxe7+ 1-0

[Event "Early-Titled-Tuesday-Blitz-March-19-2024"]
[Site "Chess.com"]
[Date "2024.03.19"]
[Round "6"]
[White "talaicito"]
[Black "otrov-11"]
[Result "1-0"]
[WhiteElo "2289"]
[BlackElo "2590"]
[TimeControl "180+1"]
[EndTime "9:02:10 PDT"]
[Termination "talaicito won by checkmate"]

1. d4 Nf6 2. Nc3 d5 3. Bf4 e6 4. e3 Bd6 5. Nf3 O-O 6. Bd3 c5 7. dxc5 Bxf4 8. exf4 Qc7 9. Ne5 Qxc5 10. O-O Nc6 11.
Re1 Bd7 12. a3 Rfc8 13. Qf3 Ne7 14. Qh3 Ng6 15. Rad1 Be8 16. f5 Nxe5 17. Rxe5 exf5 18. Bxf5 Rd8 19. Nxd5 Nxd5 20. Qxh7+ Kf8 21. Qh8# 1-0

[Event "Early-Titled-Tuesday-Blitz-March-19-2024"]
[Site "Chess.com"]
[Date "2024.03.19"]
[Round "6"]
[White "Mikhail_Golubev"]
[Black "Herzog2012"]
[Result "1-0"]
[WhiteElo "2724"]
[BlackElo "2532"]
[TimeControl "180+1"]
[EndTime "9:02:26 PDT"]
[Termination "Mikhail_Golubev won by resignation"]

1. e4 c5 2. Nf3 d6 3. d4 cxd4 4. Nxd4 Nf6 5. Nc3 Nc6 6. Bc4 Qb6 7. Nb3 e6 8. Bf4 Ne5 9. Be2 a6 10. g4 h6 11. Be3 Qc7 12. f4 Nc4 13. Bxc4 Qxc4 14.
Qf3 Bd7 15. O-O-O Bc6 16. Rd4 b5 17. Rxc4 bxc4 18. Na5 Rc8 19. Nxc6 Rxc6 20. e5 1-0

[Event "Early-Titled-Tuesday-Blitz-March-19-2024"]
[Site "Chess.com"]
[Date "2024.03.19"]
[Round "6"]
[White "GMAkobianSTL"]
[Black "xasid81"]
[Result "1-0"]
[WhiteElo "2806"]
[BlackElo "2590"]
[TimeControl "180+1"]
[EndTime "9:02:31 PDT"]
[Termination "GMAkobianSTL won by resignation"]

1. d4 d5 2. c4 c6 3. cxd5 cxd5 4.
Nf3 Nf6 5. Nc3 Nc6 6. Bf4 a6 7. Rc1 e6 8. e3 Bd6 9. Bg3 Bxg3 10. hxg3 h6 11. Bd3 O-O 12. O-O Bd7 13. Ne5 Be8 14. f4 Rc8 15. a3 Qb6 16. Rc2 Nxe5 17. fxe5 Rxc3 18. Rxc3 Ne4 19. Bxe4 dxe4 20. b4 Bb5 21. Rf4 Bd3 22. Qc1 a5 23. Rc8 Rxc8 24. Qxc8+ Kh7 25. Rxf7 1-0

[Event "Early-Titled-Tuesday-Blitz-March-19-2024"]
[Site "Chess.com"]
[Date "2024.03.19"]
[Round "6"]
[White "Let_it_be_1"]
[Black "emeli_chess"]
[Result "0-1"]
[WhiteElo "2601"]
[BlackElo "2430"]
[TimeControl "180+1"]
[EndTime "9:02:33 PDT"]
[Termination "emeli_chess won by resignation"]

1. e4 e5 2. Nf3 Nc6 3. Bb5 a6 4. Ba4 Nf6 5. d4 exd4 6. O-O Be7 7. e5 Nd5 8. Nxd4 O-O 9. Nf5 Nb6 10. Qg4 g6 11.
Bxc6 dxc6 12. Nxe7+ Qxe7 13. Qg3 Re8 14. Re1 Qb4 15. h3 Qxe1+ 0-1

[Event "Early-Titled-Tuesday-Blitz-March-19-2024"]
[Site "Chess.com"]
[Date "2024.03.19"]
[Round "6"]
[White "nekotyanof"]
[Black "ploxoi"]
[Result "1-0"]
[WhiteElo "2663"]
[BlackElo "2444"]
[TimeControl "180+1"]
[EndTime "9:02:34 PDT"]
[Termination "nekotyanof won by resignation"]

1. e4 c5 2. Nf3 e6 3. Nc3 Nc6 4. d4 cxd4 5. Nxd4 Qc7 6. g3 a6 7. Bg2 Nf6 8. O-O Nxd4 9. Qxd4 Bc5 10. Qd3 d6 11. Bf4 h6 12. Rad1 e5 13. Be3 Be6 14.
Bxc5 dxc5 15. Nd5 Bxd5 16. exd5 Qd6 17. f4 O-O 18. fxe5 Qxe5 19. d6 Qxb2 20. Rb1 Qd4+ 21. Qxd4 cxd4 22. Rxb7 Rab8 23. Rfb1 Rxb7 24. Bxb7 Rd8 25.
Rb6 Ne8 26. Bxa6 Nxd6 27. Bd3 Kf8 28. a4 Ke7 29. a5 Ra8 30. a6 Ra7 31. Kf2 Kd7 32.
Rb8 Nc8 33. Bf5+ 1-0

[Event "Early-Titled-Tuesday-Blitz-March-19-2024"]
[Site "Chess.com"]
[Date "2024.03.19"]
[Round "6"]
[White "UnTucopalaTimba"]
[Black "Jahonas"]
[Result "0-1"]
[WhiteElo "2001"]
[BlackElo "2339"]
[TimeControl "180+1"]
[EndTime "9:02:38 PDT"]
[Termination "Jahonas won by resignation"]

1. e4 c6 2. d4 d5 3. Nc3 dxe4 4. Nxe4 Nd7 5. Bc4 e6 6. Nf3 Ngf6 7. Nxf6+ Nxf6 8. O-O Bd6 9. Bg5 h6 10. Bh4 Qc7 11. Bxf6 gxf6 12. Qd2 b6 13. Rfe1 Bb7 14. Qe2 O-O-O 15. Ba6 c5 16. Bxb7+ Qxb7 17. dxc5 Bxc5 18.
c3 Rhg8 19. Qc4 Qxf3 0-1

[Event "Early-Titled-Tuesday-Blitz-March-19-2024"]
[Site "Chess.com"]
[Date "2024.03.19"]
[Round "6"]
[White "m_ezat"]
[Black "NovakRatko"]
[Result "1/2-1/2"]
[WhiteElo "2592"]
[BlackElo "2412"]
[TimeControl "180+1"]
[EndTime "9:02:55 PDT"]
[Termination "Game drawn by agreement"]

1. d4 d5 2. c4 c5 3. cxd5 Qxd5 4. Nf3 cxd4 5. Nc3 Qa5 6. Nxd4 e5 7. Nb3 Qc7 8. Nd5 Qd6 9. e4 Nf6 10. Nxf6+ Qxf6 11. Be3 Bb4+ 12. Bd2 Bxd2+ 13. Qxd2 O-O 14. Bc4 Rd8 15. Qe3 Be6 16. Bxe6 Qxe6 17. O-O Nc6 18.
Rfd1 b6 19. h3 h6 20. Rac1 Nd4 21. Nxd4 exd4 22. Rxd4 Rxd4 23. Qxd4 Qxa2 24. Rc7 Re8 25. e5 Qe6 26. Rxa7 Qxe5 27. Qxe5 Rxe5 28. Ra8+ Kh7 29. Ra7 Kg6 30. Rd7 Rb5 31. Rd2 1/2-1/2

[Event "Early-Titled-Tuesday-Blitz-March-19-2024"]
[Site "Chess.com"]
[Date "2024.03.19"]
[Round "6"]
[White "FREDERICKtheMATE"]
[Black "Fore_Man"]
[Result "1-0"]
[WhiteElo "2691"]
[BlackElo "2319"]
[TimeControl "180+1"]
[EndTime "9:03:29 PDT"]
[Termination "FREDERICKtheMATE won by resignation"]

1. d4 c5 2. d5 d6 3. c4 Nd7 4. Nc3 Ngf6 5. e4 g6 6. Be2 Bg7 7. f4 O-O 8. Nf3 a6 9. a4 Rb8 10. O-O b5 11. axb5 axb5 12. cxb5 Nb6 13. h3 Re8 14. Be3 e6 15. dxe6 Bxe6 16. Nd2 Nfd7 17. Kh2 f5 18. g4 fxe4 19. Ndxe4 Nc4 20. Bxc4 Bxc4 21. Nxd6 Bxf1 22. Nxe8 Qxe8 23. Qd5+ Kh8 24. Rxf1 Qxe3 25. Qxd7 Qd2+ 26. Qxd2 1-0

[Event "Early-Titled-Tuesday-Blitz-March-19-2024"]
[Site "Chess.com"]
[Date "2024.03.19"]
[Round "6"]
[White "Alen_Yeremyann"]
[Black "mitrabhaa"]
[Result "0-1"]
[WhiteElo "2817"]
[BlackElo "3066"]
[TimeControl "180+1"]
[EndTime "9:03:34 PDT"]
[Termination "mitrabhaa won by checkmate"]

1. c4 g6 2. g3 Bg7 3. Bg2 c5 4. Nf3 e6 5. O-O Ne7 6. d4 cxd4 7. Nxd4 O-O 8. Nc3 Nbc6 9. Ndb5 Nf5 10. e4 Nfd4 11. Be3 e5 12. Nd5 d6 13. Nxd4 Nxd4 14.
f4 Be6 15. f5 Bxd5 16. cxd5 Rc8 17. g4 Nc2 18. Qe2 Nxa1 19. Rxa1 Qa5 20. Rf1 Rfd8 21. g5 Qxa2 22. h4 Qb3 23. h5 Rc2 24. Qf3 gxf5 25. exf5 e4 26. Qxe4 Re2 27. Rf3 Be5 28. f6 Qxb2 29. Bf1 Rxe3 30. Rxe3 Qh2# 0-1

[Event "Early-Titled-Tuesday-Blitz-March-19-2024"]
[Site "Chess.com"]
[Date "2024.03.19"]
[Round "6"]
[White "lamomiajunior"]
[Black "Bauman_Guy"]
[Result "0-1"]
[WhiteElo "2730"]
[BlackElo "2925"]
[TimeControl "180+1"]
[EndTime "9:03:40 PDT"]
[Termination "Bauman_Guy won by resignation"]

1. d4 Nf6 2. c4 e6 3. Nc3 Bb4 4. e3 O-O 5. Bd2 b6 6. Nf3 Bb7 7. Bd3 d6 8. a3 Bxc3 9. Bxc3 Ne4 10.
Bxe4 Bxe4 11. d5 e5 12. O-O a5 13. b3 Nd7 14. h3 Qf6 15. Nh2 Qg6 16. f3 Bc2 17.
Qe2 Bxb3 18. e4 f5 19. a4 Nc5 20. Rfb1 Bxa4 21. exf5 Qxf5 22. Ng4 Bc2 23. Rc1 Bd3 24. Qd2 Qf4 25. Qb2 Bxc4 26. Bd2 Nd3 27. Qc3 Nxc1 28. Rxc1 Qd4+ 29. Qxd4 exd4 30. Rxc4 a4 31. Rxd4 a3 32. Bc3 a2 33. Ba1 Ra3 34. Rd2 Rfa8 35. Rc2 Rb3 0-1

[Event "Early-Titled-Tuesday-Blitz-March-19-2024"]
[Site "Chess.com"]
[Date "2024.03.19"]
[Round "6"]
[White "rhwr"]
[Black "maurovargas01"]
[Result "1-0"]
[WhiteElo "2330"]
[BlackElo "1827"]
[TimeControl "180+1"]
[EndTime "9:03:41 PDT"]
[Termination "rhwr won by checkmate"]

1. e4 d5 2. exd5 Qxd5 3. Nc3 Qa5 4. Bc4 Nf6 5. Nf3 c6 6. h3 Bf5 7. O-O e6 8. d3 Bd6 9. Nh4 Qe5 10. f4 Qd4+ 11. Kh1 Bg6 12. Qf3 Qb6 13. Ne4 Be7 14.
Be3 Qc7 15. f5 exf5 16. Nxf5 O-O 17. Rae1 Bb4 18. c3 Ba5 19. Nxf6+ gxf6 20. Nh6+ Kg7 21.
Qxf6# 1-0

[Event "Early-Titled-Tuesday-Blitz-March-19-2024"]
[Site "Chess.com"]
[Date "2024.03.19"]
[Round "6"]
[White "ajedrezsinlimites"]
[Black "pirulillo"]
[Result "1-0"]
[WhiteElo "2611"]
[BlackElo "2368"]
[TimeControl "180+1"]
[EndTime "9:03:42 PDT"]
[Termination "ajedrezsinlimites won by checkmate"]

1. e4 c5 2. Nf3 e6 3. d4 cxd4 4. Nxd4 Nf6 5. Nc3 Nc6 6. Ndb5 d6 7. Bf4 e5 8. Bg5 a6 9. Na3 b5 10. Nd5 Be7 11. Bxf6 Bxf6 12. c3 O-O 13. Nc2 Bg5 14.
a4 bxa4 15. Rxa4 a5 16. Bc4 Rb8 17. b3 Kh8 18. O-O f5 19. exf5 Bxf5 20. Nde3 Bg6 21. Qd5 Ne7 22. Qxa5 Qc8 23. Nb4 Bxe3 24. fxe3 Rxf1+ 25.
Kxf1 Qf5+ 26. Ke1 Rf8 27. Ra1 Qf2+ 28. Kd1 Qxe3 29. g4 Rf2 30. Qd8+ Ng8 31. Qxg8# 1-0

[Event "Early-Titled-Tuesday-Blitz-March-19-2024"]
[Site "Chess.com"]
[Date "2024.03.19"]
[Round "6"]
[White "Rogarcia1"]
[Black "Korchmar_Vasiliy"]
[Result "0-1"]
[WhiteElo "2501"]
[BlackElo "2699"]
[TimeControl "180+1"]
[EndTime "9:03:47 PDT"]
[Termination "Korchmar_Vasiliy won by resignation"]

1. e4 c5 2. Nf3 d6 3. d4 cxd4 4. Nxd4 Nf6 5. Nc3 Nc6 6. Bg5 Bd7 7. Qd3 Rc8 8. Nxc6 bxc6 9. f4 h6 10. Bh4 g5 11. fxg5 Ng4 12. O-O-O hxg5 13. Bxg5 Bg7 14. Qd2 Rb8 15. Bc4 Qa5 16. Bb3 Bxc3 17. bxc3 Ne5 18. Bxe7 Nc4 0-1

[Event "Early-Titled-Tuesday-Blitz-March-19-2024"]
[Site "Chess.com"]
[Date "2024.03.19"]
[Round "6"]
[White "ZachHKL"]
[Black "visa"]
[Result "1-0"]
[WhiteElo "2168"]
[BlackElo "2297"]
[TimeControl "180+1"]
[EndTime "9:04:06 PDT"]
[Termination "ZachHKL won by checkmate"]

1. e4 c6 2. d4 d5 3. e5 c5 4. c4 cxd4 5. Qxd4 e6 6. cxd5 Nc6 7. Qe3 Qxd5 8. Nf3 Bc5 9. Qd3 Nge7 10. Nc3 Qxd3 11. Bxd3 Ng6 12. Bxg6 hxg6 13. Ne4 Bb4+ 14. Bd2 Bxd2+ 15. Kxd2 O-O 16. Ke3 Nb4 17. Kf4 Bd7 18. a3 Nd5+ 19. Kg3 Rac8 20. h4 Rc2 21. h5 gxh5 22.
Rxh5 g6 23. Rh4 Ne7 24. Nf6+ Kg7 25. Rh7# 1-0

[Event "Early-Titled-Tuesday-Blitz-March-19-2024"]
[Site "Chess.com"]
[Date "2024.03.19"]
[Round "6"]
[White "MightyGMpretender"]
[Black "Sam_ChessMood"]
[Result "0-1"]
[WhiteElo "2804"]
[BlackElo "2947"]
[TimeControl "180+1"]
[EndTime "9:04:10 PDT"]
[Termination "Sam_ChessMood won by resignation"]

1. Nf3 d5 2. b3 c5 3. Bb2 f6 4. e3 e5 5. Bb5+ Nc6 6. Bxc6+ bxc6 7.
d3 Bd6 8. e4 Ne7 9. Nc3 O-O 10. Qd2 Be6 11. O-O-O a5 12. Na4 c4 13. dxc4 d4 14. Ne1 c5 15. Nd3 Qc7 16. g3 Bd7 17. f4 Bxa4 18. bxa4 Qc6 19. fxe5 fxe5 20. Qg5 Qxa4 21. Kb1 Rab8 22. Ka1 Qxc4 23. Nxe5 Qxc2 24.
Rd2 Qxe4 0-1

[Event "Early-Titled-Tuesday-Blitz-March-19-2024"]
[Site "Chess.com"]
[Date "2024.03.19"]
[Round "6"]
[White "IMRosen"]
[Black "bazar-wokzal"]
[Result "1-0"]
[WhiteElo "2663"]
[BlackElo "2564"]
[TimeControl "180+1"]
[EndTime "9:04:12 PDT"]
[Termination "IMRosen won by resignation"]

1. d4 Nf6 2. Bf4 e6 3. e3 c5 4. Nf3 b6 5. Nc3 Bb7 6. Nb5 Na6 7. c3 Ne4 8. Bd3 Qc8 9. Qa4 Be7 10. Bxe4 Bxe4 11.
Qxa6 Qxa6 12. Nc7+ Kd8 13. Nxa6 Rc8 14. dxc5 bxc5 15.
Ne5 Rf8 16. O-O-O d5 17. f3 Bf5 18. e4 1-0

[Event "Early-Titled-Tuesday-Blitz-March-19-2024"]
[Site "Chess.com"]
[Date "2024.03.19"]
[Round "6"]
[White "ImportedItalianMaple"]
[Black "rikchessmx"]
[Result "1-0"]
[WhiteElo "2521"]
[BlackElo "2283"]
[TimeControl "180+1"]
[EndTime "9:04:12 PDT"]
[Termination "ImportedItalianMaple won by resignation"]

1. Nf3 g6 2. e4 Bg7 3. d4 d6 4. Bd3 c6 5. c3 Nf6 6. O-O Bg4 7.
Nbd2 Qc7 8. h3 Bc8 9. Re1 Nbd7 10. Nf1 e5 11. Ng3 O-O 12. a4 Re8 13. a5 Rb8 14.
b4 Nf8 15. Be3 exd4 16. cxd4 Qe7 17. Bg5 h6 18. e5 dxe5 19. dxe5 Qxb4 20. Bxf6 Bxf6 21.
exf6 Rxe1+ 22. Qxe1 Qxe1+ 23. Rxe1 Ne6 24. Ne5 Kf8 25. Bc4 Nd8 26. Ne4 b5 27. axb6 axb6 28. Nd6 Be6 29. Bxe6 Nxe6 30. Nd7+ 1-0